 Dungeon Crawl Stone Soup version 0.26.1-11-gd32895ea62 (webtiles) character file.

Game seed: 3834650318142079702

60 Zeld the Twirler (level 4, 0/29 HPs)
             Began as an Octopode Gladiator on May 18, 2021.
             Succumbed to a worker ant's poison
             ... on level 2 of the Dungeon.
             The game lasted 00:01:50 (1078 turns).

Zeld the Twirler (Octopode Gladiator)               Turns: 1078, Time: 00:01:51

Health: 0/29       AC:  1    Str: 13    XL:     4   Next: 6%
Magic:  4/4        EV: 14    Int: 10    God:
Gold:   52         SH:  0    Dex: 14    Spells: 3/3 levels left

rFire    . . .     SeeInvis .   a - +0 quarterstaff
rCold    . . .     Faith    .   (shield currently unavailable)
rNeg     . . .     Spirit   .   b - +0 hat
rPois    .         Reflect  .   (no amulet)
rElec    .         Harm     .   (no ring)
rCorr    .         Rampage  .   (no ring)
Will     .....                  (no ring)
Stlth    ++........             (no ring)
HPRegen  0.09/turn              (no ring)
MPRegen  0.09/turn              (no ring)
                                (no ring)
                                (no ring)

@: lethally poisoned (0 -> -8)
A: almost no armour, stealthy swim, amphibious, 8 rings, constrict 8, camouflage
1, gelatinous body 1
a: no special abilities


You were on level 2 of the Dungeon.
You visited 1 branch of the dungeon, and saw 2 of its levels.

You collected 52 gold pieces.

Inventory:

Hand Weapons
 a - a +0 quarterstaff (weapon)
Missiles
 c - 3 throwing nets (quivered)
Armour
 b - a +0 hat (worn)
Scrolls
 d - 2 scrolls of identify {unknown}
 e - a scroll of amnesia {unknown}
 g - a scroll of blinking {unknown}
Potions
 f - a potion of cancellation {unknown}
 h - a potion of degeneration {unknown}


   Skills:
 - Level 2.0 Fighting
 * Level 4.0 Staves
 * Level 3.2 Throwing
 - Level 3.0 Dodging


You had 3 spell levels left.
You didn't know any spells.
Your spell library was empty.

Dungeon Overview and Level Annotations

Branches:
Dungeon (2/15)

Altars:


Innate Abilities, Weirdness & Mutations

You cannot wear most types of armour.
You are very stealthy in the water. (Stealth+)
You are amphibious.
You can wear up to eight rings at the same time.
You can use your tentacles to constrict eight enemies at once.
Your skin changes colour to match your surroundings (Stealth+).
Your rubbery body absorbs attacks. (AC +1, EV +1)


Message History

You are lethally poisoned!
The worker ant poisons you!
You hit the worker ant but do no damage.
The worker ant is severely wounded.
You constrict the worker ant.
* * * LOW HITPOINT WARNING * * *
You feel sick. The worker ant bites you.
* * * LOW HITPOINT WARNING * * *
The worker ant waves its antennae.
The worker ant barely misses you.
You hit the worker ant but do no damage.
The worker ant is severely wounded.
You constrict the worker ant.
* * * LOW HITPOINT WARNING * * *
You feel sick. The worker ant closely misses you.
You hit the worker ant but do no damage.
The worker ant is almost dead.
You constrict the worker ant.
You kill the worker ant!
You die...

#......# ......#
#......+ ......####
####.#......#
#....#...#..#
.......(..>.#
#.......<.@.#
#########.##.##.#
....."......K...#
#...#####.##.###....
# #.##... ..
#.##..## #.##..#
...#..# .......#


You could see a kobold.

Vanquished Creatures
  A worker ant (D:2)
  2 adders (D:2)
  An ooze (D:1)
  2 leopard geckos (D:1)
  6 bats (D:1)
  3 giant cockroaches (D:1)
  5 goblins (D:1)
  2 hobgoblins (D:1)
  5 frilled lizards
  5 kobolds
  3 rats (D:1)
35 creatures vanquished.

Notes
Turn   | Place    | Note
-------+----------+-------------------------------------------
     0 | D:1      | Zeld the Octopode Gladiator began the quest for the Orb.
     0 | D:1      | Reached XP level 1. HP: 14/14 MP: 1/1
    75 | D:1      | Reached XP level 2. HP: 15/19 MP: 2/2
   493 | D:1      | Reached XP level 3. HP: 24/24 MP: 3/3
  1069 | D:2      | Reached skill level 4 in Staves
  1069 | D:2      | Reached XP level 4. HP: 17/29 MP: 4/4
  1077 | D:2      | HP: 1/29 [poisoned by a worker ant]
  1078 | D:2      | Succumbed to a worker ant's poison

Illustrated notes

Levels and vault maps discovered:
D:1:      dpeg_arrival_houses_and_road, layout_basic, serial_corexii_hall,
          chequers_hall_statues_corner_a, corexii_hall_statues_u,
          minmay_misc_feat_enclosed, st_stairs_3, minmay_misc_feat_ornament
D:2:      layout_basic

Skill      XL: |  1  2  3 |
---------------+----------+-----
Throwing       | 3 |  3.2
Staves         | 4 |  4.0
Fighting       | |  2.0
Dodging        | |  3.0

Action                   |  1- 3 |  4- 6 || total
-------------------------+-------+-------++-------
Melee: Quarterstaff      |    54 |     8 ||    62
       Constrict         |    11 |     2 ||    13
       Tentacles         |     9 |     1 ||    10
 Stab: Sleeping          |    10 |       ||    10
Armor: Skin              |     5 |       ||     5
Dodge: Dodged            |    26 |     8 ||    34
